 Dungeon Crawl Stone Soup version 0.21.1-1-g345015f (webtiles) character file.

43 Mirai the Sneak (level 3, 0/19 HPs)
             Began as a Kobold Enchanter on Apr 28, 2018.
             Slain by a leopard gecko (4 damage)
             ... on level 2 of the Dungeon.
             The game lasted 00:04:22 (1844 turns).

Mirai the Sneak (Kobold Enchanter)                  Turns: 1844, Time: 00:04:23

Health: 0/19       AC:  4    Str:  3 (5)  XL:     3   Next: 82%
Magic:  6/6        EV: 15    Int: 13 (16) God:
Gold:   112        SH:  0    Dex: 15 (16) Spells: 4/7 levels left

rFire    x . .     SeeInvis .   k - +0 rapier
rCold    + + .     Gourm    .   (shield restricted)
rNeg     . . .     Faith    .   b - +0 robe
rPois    .         Spirit   .   (no helmet)
rElec    .         Reflect  .   (no cloak)
rCorr    .         Harm     .   (no gloves)
MR       .....                  g - +1 pair of boots
Stlth    +++.......             (no amulet)
HPRegen  0.06/turn              e - ring of ice
MPRegen  0.10/turn              l - ring of protection from cold

@: no status effects
A: small, carnivore
a: no special abilities


You were on level 2 of the Dungeon.
You were completely stuffed.

You visited 1 branch of the dungeon, and saw 2 of its levels.

You collected 112 gold pieces.

Inventory:

Hand Weapons
 a - a +1 dagger
 k - a +0 rapier (weapon)
Armour
 b - a +0 robe (worn)
 g - a +1 pair of boots (worn)
Jewellery
 e - a ring of ice (left hand)
 l - a ring of protection from cold (right hand)
Scrolls
 f - a scroll of enchant weapon {unknown}
 i - a scroll of immolation {unknown}
 j - 7 scrolls of remove curse {unknown}
 m - a scroll of identify {unknown}
Potions
 q - 2 potions of berserk rage {unknown}
Books
 c - a book of Maledictions

   Spells                             Type                      Level
   a - Corona                         Hexes                        1
   b - Ensorcelled Hibernation        Hexes/Ice                    2
   c - Confuse                        Hexes                        3
   d - Tukima's Dance                 Hexes                        3
   e - Dazzling Spray                 Conjuration/Hexes            3
 o - Vehumet's Compendium of Combat Magic
   (You found it on level 2 of the Dungeon)

   Spells                             Type                      Level
   a - Magic Dart                     Conjuration                  1
Comestibles
 d - 3 rations
 n - 2 chunks of flesh


   Skills:
 + Level 2.1 Short Blades
 + Level 2.9 Dodging
 + Level 4.4 Stealth
 + Level 2.6 Spellcasting
 + Level 3.2 Hexes
 + Level 0.9 Ice Magic


You had 4 spell levels left.
You knew the following spells:

 Your Spells              Type           Power        Failure   Level  Hunger
a - Corona                Hex            ##.....      6%          1    #......
b - Ensorcelled Hibernat  Hex/Ice        ##....       16%         2    ###....


Dungeon Overview and Level Annotations

Branches:
Dungeon (2/15)

Altars:
Kikubaaqudgha
Sif Muna
Vehumet


Innate Abilities, Weirdness & Mutations

You are small and have problems with some larger weapons.
You are carnivorous and can eat meat at any time.


Message History

The leopard gecko bites you.
You closely miss the leopard gecko.
The leopard gecko is heavily wounded.
The leopard gecko bites you.
You hit the leopard gecko.
The leopard gecko is severely wounded.
The leopard gecko barely misses you.
You hit the leopard gecko but do no damage.
The leopard gecko is heavily wounded.
The leopard gecko bites you. x2
* * * LOW HITPOINT WARNING * * *
Okay, then.
The leopard gecko barely misses you.
The leopard gecko completely misses you.
The leopard gecko closely misses you.
Some of the chunks of flesh in your inventory have rotted away.
The leopard gecko barely misses you.
There is an open door here.
The leopard gecko bites you.
You die...

###.#### ##...## #####.####
#.#### ##.....## #........##
#.##.## ##.......###.##..>....
#.#...####.........##.#...##.##
#........'.........'...........
###....###.........##.#...##.##
##.#.# ##.......###.##..##.##
###.# ##.....## #.###...... #.#
##l@.## #.........# #.### ##+##
#####.....# ......###.# #..#..#
#.# #.#.#.####### #..##.# #.#
#...........# #..##.#
###......####.# #.....#
..........# #.# ##.####
##......## #># #.# ##....##
#.#####.#


You could see a leopard gecko.

Vanquished Creatures
  An adder (D:2)
  A worm (D:2)
  A dart slug (D:1)
  2 leopard geckos
  2 giant cockroaches
  A goblin (D:2)
  5 hobgoblins
  3 bats
  6 kobolds
  6 rats
28 creatures vanquished.

Notes
Turn   | Place    | Note
-------+----------+-------------------------------------------
     0 | D:1      | Mirai the Kobold Enchanter began the quest for the Orb.
     0 | D:1      | Reached XP level 1. HP: 10/10 MP: 3/3
   455 | D:1      | Reached XP level 2. HP: 15/15 MP: 5/5
   472 | D:1      | Learned a level 2 spell: Ensorcelled Hibernation
  1281 | D:2      | Found an ancient bone altar of Kikubaaqudgha.
  1296 | D:2      | Reached XP level 3. HP: 16/19 MP: 4/6
  1300 | D:2      | Found a deep blue altar of Sif Muna.
  1303 | D:2      | Found a radiant altar of Vehumet.
  1312 | D:2      | Identified Vehumet's Compendium of Combat Magic
  1844 | D:2      | Slain by a leopard gecko

Skill      XL: |  1  2  3 |
---------------+----------+-----
Short Blades   | 2 |  2.1
Dodging        | |  2.9
Stealth        | |  4.4
Spellcasting   | |  2.6
Hexes          | |  3.2
Ice Magic      | |  0.9

Action                   || total
-------------------------++-------
Melee: Dagger            ||    61
       Rapier            ||    57
 Cast: Corona            ||     2
       Ensorcelled Hiber ||    13
  Use: Potion            ||     2
 Stab: Sleeping          ||    13
  Eat: Chunk             ||    12
Armor: Robe              ||    20
Dodge: Dodged            ||   109
